AoeStats
← LE FURET

Oasis

507305364Analyzed
4v4 RM · 14d ago on Sep 17, 2026· 39m 19s· 8 players
Game mode
Random Map
Map size
Large (8 player)
Population
200
Speed
Normal
Resources
Standard
Victory
Conquest
Starting age
Dark Age
Ending age
Imperial Age
RankedLock teamsTeams togetherTeam positionsShared explorationLock speedFull tech treeHidden civsTurbo modeCheats
Victory
Defeat
🇹🇷 Koreans · Türkiye
1416
+13
🇨🇱 Franks · Chile
1326
+17
🇷🇺 Bengalis · Russia
1318
+17
🇮🇹 Britons · Italy
1304
+18
🇩🇪 Persians · Germany
1364
-17
🇫🇷 Italians · France
1360
-17
🇬🇧 Spanish · United Kingdom
1334
-16
🇧🇪 Vietnamese · Belgium
1322
-15
Pryda
9:23 Loom
11:09 Feudal Age
17:19 Castle Age
22:10 Fletching
27:57 Bodkin Arrow
29:12 Padded Archer Armor
33:09 Gold Mining
39:07 Imperial Age
38:44 Leather Archer Armor
Demshredz
1:17 Loom
11:18 Feudal Age
12:50 Horse Collar
15:55 Castle Age
14:56 Double-Bit Axe
16:44 Heavy Plow
17:00 Bow Saw
20:53 Bloodlines
21:32 Scale Barding Armor
22:12 Forging
24:06 Chain Barding Armor
25:49 Iron Casting
25:55 Gold Mining
28:16 Wheelbarrow
31:04 Gold Shaft Mining
30:59 Husbandry
32:54 Gold Shaft Mining
37:51 Gold Shaft Mining
37:07 Stone Mining
ryocallan
4:18 Loom
10:34 Feudal Age
14:19 Castle Age
15:09 Town Watch
15:36 Padded Archer Armor
20:08 Double-Bit Axe
24:24 Horse Collar
28:18 Leather Archer Armor
32:05 Wheelbarrow
32:25 Husbandry
33:37 Bloodlines
36:08 Fletching
pandorange
6:21 Loom
9:23 Feudal Age
10:07 Double-Bit Axe
12:05 Horse Collar
14:22 Fletching
16:04 Padded Archer Armor
26:11 Castle Age
24:57 Gold Mining
26:15 Crossbowman
26:56 Bodkin Arrow
Anatoly
7:31 Loom
9:51 Feudal Age
11:33 Horse Collar
17:44 Wheelbarrow
21:16 Castle Age
19:30 Gold Mining
20:37 Fletching
22:12 Double-Bit Axe
23:11 Bodkin Arrow
26:11 Ballistics
26:37 Town Watch
27:56 Heavy Plow
35:13 Imperial Age
33:22 Treadmill Crane
34:58 Hand Cart
36:14 Gold Shaft Mining
35:15 Elite War Wagon
35:58 Bracer
37:03 Chemistry
37:23 Conscription
37:38 Husbandry
38:53 Light Cavalry
40:13 Shinkichon
Абэма
6:58 Loom
9:25 Feudal Age
11:17 Double-Bit Axe
13:21 Horse Collar
14:11 Forging
13:54 Fletching
22:34 Castle Age
23:06 Elite Skirmisher
23:42 Bodkin Arrow
23:49 Padded Archer Armor
26:44 Wheelbarrow
26:21 Bow Saw
27:26 Leather Archer Armor
29:00 Gold Mining
39:09 Imperial Age
36:58 Hand Cart
38:29 Scale Barding Armor
38:47 Husbandry
38:57 Bloodlines
39:15 Forging
39:16 Heavy Plow
HSL | errik
5:57 Loom
9:58 Feudal Age
10:57 Double-Bit Axe
12:06 Fletching
16:05 Padded Archer Armor
24:00 Castle Age
23:39 Gold Mining
23:41 Horse Collar
24:10 Crossbowman
24:46 Bodkin Arrow
27:44 Bow Saw
28:06 Leather Archer Armor
31:11 Ballistics
32:29 Wheelbarrow
34:37 Scale Mail Armor
34:48 Forging
36:13 Hand Cart
39:12 Imperial Age
37:04 Pikeman
37:45 Squires
38:02 Chain Mail Armor
38:23 Iron Casting
LE FURET
10:32 Feudal Age
11:09 Double-Bit Axe
16:09 Castle Age
16:13 Scale Barding Armor
16:04 Gold Mining
17:00 Bow Saw
22:55 Forging
23:39 Chain Barding Armor
26:17 Gold Shaft Mining
27:15 Wheelbarrow
29:37 Hand Cart
35:55 Imperial Age
33:41 Husbandry
34:41 Loom
36:08 Iron Casting
36:05 Cavalier
37:37 Paladin
39:14 Pikeman
Connection lost

Rejoining the realm…

Still unreachable

The connection could not be restored.

Session expired

The server has moved on; the page needs a fresh start.